 Dungeon Crawl Stone Soup version 0.31-a0-189-ga26ba32dd1 (webtiles) character file.

Game seed: 11297075427913525314

487 qw the Skirmisher (level 6, 0/35 HPs)
             Began as a Deep Elf Hunter on June 23, 2023.
             Succumbed to a scorpion's poison
             ... in an ossuary.
             The game lasted 00:01:26 (2447 turns).

qw the Skirmisher (Deep Elf Hunter)                 Turns: 2447, Time: 00:01:27

Health: 0/35       AC:  5    Str: 10    XL:     6   Next: 89%
Magic:  8/8        EV: 11    Int: 14    God:
Gold:   134        SH:  0    Dex: 18    Spells: 5/5 levels left

rFire   . . .        Y - +1 shortbow
rCold   . . .        (shield currently unavailable)
rNeg    + . .        g - +0 ring mail
rPois   .            (no helmet)
rElec   .            (no cloak)
rCorr   .            (no gloves)
SInv    .            (no boots)
Will    .....        e - amulet of regeneration
Stlth   +            h - ring of positive energy
HPRegen 1.05/turn    (no ring)
MPRegen 0.11/turn

%: no passive effects
@: lethally poisoned (0 -> -2)
A: no striking features
a: no special abilities


You were in an ossuary.
You visited 1 branch of the dungeon, and saw 4 of its levels.
You also visited: Ossuary.

You collected 134 gold pieces.


   Skills:
 - Level 2.0 Fighting
 + Level 10.5 Ranged Weapons
 - Level 3.1 Dodging
 - Level 1.2 Stealth


You had 5 spell levels left.
You didn't know any spells.
Your spell library was empty.

Inventory:

Hand Weapons
 Y - a +1 shortbow (weapon)
Armour
 g - a +0 ring mail (worn)
Jewellery
 e - an amulet of regeneration (around neck)
 h - a ring of positive energy (left hand)
Scrolls
 f - 2 scrolls of identify
Potions
 a - a potion of resistance
 b - 2 potions of attraction {unknown}
 c - a potion of haste
 d - 2 potions of curing
 i - a potion of might {unknown}

Dungeon Overview and Level Annotations

Branches:
Dungeon (4/15)            Ossuary (1/1)
 Temple: D:4-7

Altars:
Cheibriados

Annotations:
D:3 exclusion: gnoll


Message History

You shoot an arrow. The arrow hits the scorpion.
The scorpion is lightly wounded.
You feel sick. The scorpion stings you.
You are more poisoned.
The scorpion poisons you!
You shoot an arrow.
The arrow hits the scorpion but does no damage.
The scorpion is lightly wounded.
You feel very sick. The scorpion closely misses you.
You shoot an arrow. The arrow barely misses the scorpion.
The arrow completely misses the scorpion zombie.
You feel very sick.
The scorpion stings you but does no damage.
You shoot an arrow. The arrow closely misses the scorpion.
The arrow hits the scorpion zombie.
You destroy the scorpion zombie!
You feel very sick.
The scorpion stings you but does no damage.
The scorpion stings you.
You are lethally poisoned!
The scorpion poisons you!
You shoot an arrow.
The arrow hits the scorpion but does no damage.
The scorpion is lightly wounded.
You feel very sick. The scorpion barely misses you.
You shoot an arrow. The arrow hits the scorpion.
The scorpion is moderately wounded.
You feel very sick. The scorpion closely misses you.
A hobgoblin zombie comes into view.
You shoot an arrow. The arrow barely misses the scorpion.
You feel very sick.
The scorpion stings you but does no damage.
You shoot an arrow. The arrow hits the scorpion.
The scorpion is heavily wounded.
You feel sick. The scorpion stings you. The scorpion misses you.
You shoot an arrow. The arrow barely misses the scorpion.
You die...

#...8...#...8...'.\.#
#.......#...#...#...#
##8...8##############
#.......#...#...#...#
#...8...'...#...'...#
#...#...#...#"..#...#
##########'#######'##
..#...#...#.....#.....#
..8...s@..#.....#.....#
......#...#.....8.....#
8...8 ##'##...........#
.... #...#...........#
..8 #...###8.....8###
.. #...#...........# +
######'##...........#
#?!M#...#.....8.....#
+!..#...'.....#.....#


You could see a scorpion.

Vanquished Creatures
  2 scorpions (Ossuary)
  2 centaur zombies (Ossuary)
  A human zombie (Ossuary)
  Jessica (D:2)
  3 scorpion zombies (Ossuary)
  2 mummies (Ossuary)
  4 gnolls (D:3)
  3 adders (D:3)
  4 worms
  3 dart slugs
  2 orcs (D:3)
  7 endoplasms
  A giant cockroach (D:1)
  A gnoll zombie (Ossuary)
  2 goblins
  6 hobgoblins
  3 quokkas
  4 ball pythons
  2 bats
  2 frilled lizards
  A goblin zombie (Ossuary)
  4 hobgoblin zombies (Ossuary)
  A jackal zombie (D:4)
  5 kobolds
  A kobold zombie (Ossuary)
  An orc zombie (Ossuary)
  8 rats
76 creatures vanquished.

Vanquished Creatures (others)
  2 ghouls (D:1)
  A minotaur (D:1)
  2 draconians (D:1)
  A vine stalker (D:1)
  2 elves (D:1)
  A spriggan (D:1)
  2 dwarves (D:1)
  2 tengu (D:1)
  An orc (D:1)
  A kobold (D:1)
  5 tentacles (D:1)
20 creatures vanquished.

Grand Total: 96 creatures vanquished

Notes
Turn   | Place    | Note
-------+----------+-------------------------------------------
     0 | D:1      | qw the Deep Elf Hunter began the quest for the Orb.
     0 | D:1      | Reached XP level 1. HP: 12/12 MP: 3/3
     0 | D:1      | 0 ||| qw: Version: 0.3-a-9-g12657ce
     0 | D:1      | 0 ||| qw: Game counter: 4438
     0 | D:1      | 0 ||| qw: Always use a shield: true
     0 | D:1      | 0 ||| qw: God list: Okawaru
     0 | D:1      | 0 ||| qw: Allow faded altars: false
     0 | D:1      | 0 ||| qw: Do Orc after D:15 true
     0 | D:1      | 0 ||| qw: Do second Lair branch before Depths: true
     0 | D:1      | 0 ||| qw: Lair rune preference: random
     0 | D:1      | 0 ||| qw: Plans: Normal
     0 | D:1      | 0 ||| PLANNING D:1-11
     2 | D:1      | Noticed a ghoul
     2 | D:1      | Noticed a draconian
     2 | D:1      | Noticed a ghoul
     2 | D:1      | Noticed a spriggan
     2 | D:1      | Noticed an elf
     2 | D:1      | Noticed a minotaur
     2 | D:1      | Noticed a dwarf
     2 | D:1      | Noticed a kraken
     2 | D:1      | Noticed a tengu
     2 | D:1      | Noticed a draconian
     2 | D:1      | Noticed a vine stalker
     2 | D:1      | Noticed a tengu
     2 | D:1      | Noticed a dwarf
     2 | D:1      | Noticed an elf
     6 | D:1      | Killed a tengu
     8 | D:1      | Killed a dwarf
     9 | D:1      | Killed an elf
    10 | D:1      | Killed a spriggan
    13 | D:1      | Killed a ghoul
    15 | D:1      | Killed a draconian
    16 | D:1      | Killed a tengu
    18 | D:1      | Killed a draconian
    18 | D:1      | Killed a ghoul
    19 | D:1      | Killed a vine stalker
    19 | D:1      | Killed a minotaur
    20 | D:1      | Killed a dwarf
    21 | D:1      | Killed an elf
    78 | D:1      | Found a faded altar of an unknown god.
   135 | D:1      | 135 ||| FLEEEEING.
   332 | D:1      | Reached XP level 2. HP: 16/16 MP: 4/4
   405 | D:1      | Reached skill level 6 in Ranged Weapons
   622 | D:1      | 622 ||| UPGRADING to +0 ring mail.
   632 | D:1      | 632 ||| DROPPING +0 leather armour.
   633 | D:1      | 633 ||| UPGRADING to amulet of regeneration.
   638 | D:1      | 638 ||| UPGRADING to ring of positive energy.
   639 | D:1      | 639 ||| READING scroll labelled NEIXZA SOIPAI.
   640 | D:1      | 640 ||| DROPPING scroll of butterflies.
   787 | D:2      | Noticed Jessica
   793 | D:2      | Killed Jessica
   794 | D:2      | Reached skill level 7 in Ranged Weapons
   794 | D:2      | Reached XP level 3. HP: 20/20 MP: 5/5
   798 | D:2      | 798 ||| FLEEEEING.
   834 | D:2      | 834 ||| DROPPING +0 antimagic sling.
  1105 | D:2      | 1105 ||| READING 2 scrolls labelled CUASOMNUTE.
  1106 | D:2      | 1106 ||| READING scroll labelled KIZAKK IGGE.
  1107 | D:2      | 1107 ||| READING scroll labelled BEAZAEH VUSYD.
  1108 | D:2      | 1108 ||| DRINKING 2 fuming inky potions.
  1109 | D:2      | 1109 ||| DRINKING 2 blue potions.
  1110 | D:2      | 1110 ||| DRINKING 3 inky potions.
  1123 | D:3      | Reached XP level 4. HP: 25/25 MP: 6/6
  1289 | D:3      | 1289 ||| READING scroll labelled HUNOGG HEUFRA.
  1298 | D:3      | Reached skill level 8 in Ranged Weapons
  1388 | D:3      | Found a snail-covered altar of Cheibriados.
  1903 | D:3      | Reached XP level 5. HP: 29/29 MP: 7/7
  1928 | D:3      | 1928 ||| Stepping ~*~*~tactically~*~*~ (outnumbered).
  2036 | D:3      | 2036 ||| READING scroll labelled COTOVV XUMOTI.
  2037 | D:3      | 2037 ||| READING scroll labelled VUCHOH GECUA.
  2038 | D:3      | 2038 ||| READING scroll labelled QIHIEZONUC.
  2039 | D:3      | 2039 ||| READING scroll labelled RUMUEH PONARA.
  2044 | D:3      | 2044 ||| DRINKING 2 golden potions.
  2096 | D:3      | 2096 ||| DROPPING potion of lignification.
  2107 | D:4      | Found a sand-covered staircase.
  2108 | D:4      | 2108 ||| PLANNING OSSUARY
  2108 | D:4      | 2108 ||| STAIRDANCE
  2113 | D:4      | 2113 ||| STAIRDANCE
  2117 | D:4      | 2117 ||| STAIRDANCE
  2121 | D:4      | 2121 ||| STAIRDANCE
  2125 | D:4      | 2125 ||| STAIRDANCE
  2129 | D:4      | 2129 ||| STAIRDANCE
  2133 | D:4      | 2133 ||| STAIRDANCE
  2137 | D:4      | 2137 ||| STAIRDANCE
  2141 | D:4      | 2141 ||| STAIRDANCE
  2145 | D:4      | 2145 ||| STAIRDANCE
  2149 | D:4      | 2149 ||| STAIRDANCE
  2153 | D:4      | 2153 ||| STAIRDANCE
  2157 | D:4      | 2157 ||| STAIRDANCE
  2161 | D:4      | 2161 ||| STAIRDANCE
  2165 | D:4      | 2165 ||| STAIRDANCE
  2169 | D:4      | 2169 ||| STAIRDANCE
  2173 | D:4      | 2173 ||| STAIRDANCE
  2177 | D:4      | 2177 ||| STAIRDANCE
  2181 | D:4      | 2181 ||| STAIRDANCE
  2185 | D:4      | 2185 ||| STAIRDANCE
  2197 | Ossuary  | Entered an ossuary
  2211 | Ossuary  | Reached skill level 9 in Ranged Weapons
  2250 | Ossuary  | Reached XP level 6. HP: 34/35 MP: 8/8
  2282 | Ossuary  | HP: 7/35 [scorpion (4)]
  2284 | Ossuary  | HP: 3/35 [poisoned by a scorpion]
  2285 | Ossuary  | 2285 ||| DRINKING 3 potions of curing.
  2285 | Ossuary  | 2285 ||| (to cure poison)
  2325 | Ossuary  | Reached skill level 10 in Ranged Weapons
  2327 | Ossuary  | 2327 ||| FLEEEEING.
  2367 | Ossuary  | Reached skill level 3 in Dodging
  2443 | Ossuary  | HP: 8/35 [poisoned by a scorpion]
  2445 | Ossuary  | HP: 3/35 [poisoned by a scorpion]
  2446 | Ossuary  | HP: 1/35 [scorpion (1)]
  2447 | Ossuary  | Succumbed to a scorpion's poison

Levels and vault maps discovered:
D:1:      nicolae_arrival_kraken_aquarium_b, layout_loops_ring,
          chequers_ecumenical_altar_simple_redux, dk_noncrumbling_3,
          minivault_24
D:2:      layout_basic, uniq_jessica
D:3:      minmay_diamond_boxcup, layout_loops_cross,
          mainiacjoe_overflow_small_starburst, grunt_decor_resistance
D:4:      layout_basic, enter_ossuary_3
Ossuary:  ossuary_minmay_scorpions

Skill      XL: |  1  2  3  4  5  6 |
---------------+-------------------+-----
Ranged Weapons | 7 8 9 10 | 10.5
Fighting       | 2 |  2.0
Dodging        | 3 |  3.1
Stealth        | |  1.2

Action                     |  1- 3 |  4- 6 || total
---------------------------+-------+-------++-------
   Fire: Shortbow          |    80 |   220 ||   300
    Use: Scroll            |     4 |     5 ||     9
         Potion            |     3 |     2 ||     5
 Armour: Leather armour    |     3 |       ||     3
         Ring mail         |     3 |    84 ||    87
  Dodge: Dodged            |    12 |   100 ||   112

Table legend:
 A = Non-vault XP
 B = Vault XP
 C = Vault XP percentage of total XP
 D = Non-vault monster count
 E = Vault monster count
 F = Vault count percentage of total count
                 A         B        C        D         E       F
            +---------+---------+-------+---------+---------+-------
      Total |     159 |     538 |  77.2 |      46 |      30 |  39.5
            +---------+---------+-------+---------+---------+-------
        D:1 |      18 |       0 |   0.0 |      11 |       0 |   0.0
        D:2 |      36 |      37 |  50.7 |      16 |       1 |   5.9
        D:3 |     105 |      39 |  27.1 |      19 |      10 |  34.5
        D:4 |       0 |       1 | 100.0 |       0 |       1 | 100.0
    Ossuary |       0 |     461 | 100.0 |       0 |      18 | 100.0
            +---------+---------+-------+---------+---------+-------
